 Dungeon Crawl Stone Soup version 0.30-a0-170-g85af917532 (webtiles) character file.

Game seed: 13746504641686149181

58 qw the Chopper (level 4, -4/28 HPs)
             Began as a Gargoyle Fighter on Sept 30, 2022.
             Splashed by a jelly's acid (10 damage)
             ... on level 3 of the Dungeon.
             The game lasted 00:00:40 (1993 turns).

qw the Chopper (Gargoyle Fighter)                   Turns: 1993, Time: 00:00:40

Health: -4/28      AC: 12    Str: 28    XL:     4   Next: 1%
Magic:  4/4        EV:  9    Int:  8    God:
Gold:   114        SH:  4    Dex:  9    Spells: 3/3 levels left

rFire   . . .      SeeInvis .    Y - +0 war axe
rCold   . . .      Faith    .    c - +0 buckler
rNeg    + . .      Spirit   .    b - +0 scale mail
rPois   inf        Reflect  .    i - +0 helmet
rElec   +          Harm     .    (no cloak)
rCorr   .          Rampage  .    f - +0 pair of gloves
Will    .....      Clarity  +    (no boots)
Stlth   ..........               (no amulet)
HPRegen 0.09/turn                n - +6 ring of strength
MPRegen 0.09/turn                (no ring)

@: no status effects
A: sickness immunity, AC +3, negative energy resistance 1, electricity
resistance, torment resistance 1, petrification resistance, hooves 1, clarity,
mutation resistance 1
a: no special abilities


You were on level 3 of the Dungeon.
You visited 1 branch of the dungeon, and saw 3 of its levels.

You collected 114 gold pieces.


Innate Abilities, Weirdness & Mutations

You are immune to sickness and miasma.
Your stone body is resilient. (AC +3)
You are immune to poison.
You resist negative energy. (rN+)
You are resistant to electric shocks. (rElec)
You are resistant to unholy torment.
You are immune to petrification.
You have large cloven feet.
You possess an exceptional clarity of mind.
You are somewhat resistant to further mutation.


   Skills:
 - Level 3.2 Fighting
 + Level 3.8 Axes
 - Level 3.2 Armour
 - Level 3.2 Shields


You had 3 spell levels left.
You didn't know any spells.
Your spell library was empty.

Inventory:

Hand Weapons
 m - a +0 whip
 Y - a +0 war axe (weapon)
Armour
 b - a +0 scale mail (worn)
 c - a +0 buckler (worn)
 f - a +0 pair of gloves (worn)
 i - a +0 helmet (worn)
Jewellery
 n - a +6 ring of strength (left hand)
Scrolls
 a - 2 scrolls of identify
Potions
 d - 2 potions of might
 e - a potion of heal wounds
 g - a potion of cancellation
 j - a potion of haste
 k - a potion of mutation

Dungeon Overview and Level Annotations

Branches:
Dungeon (3/15)

Altars:

Annotations:
D:3 Robin


Message History

The goblin hits you but does no damage.
A jelly comes into view.
You closely miss the goblin.
The jelly quivers.
Your kick misses the goblin. You slash the goblin!
You kill the goblin!
The goblin hits you with a +0 club.
You barely miss the hobgoblin.
Robin shouts!
You kick the hobgoblin, but do no damage.
You hit the goblin.
You kill the goblin!
You slash the hobgoblin!
You kill the hobgoblin!
You closely miss the goblin. The goblin hits you with a +0 dagger.
You block the goblin's attack. The goblin hits you but does no damage.
A goblin comes into view. It is wielding a +0 club.
The goblin shouts!
You hit the goblin but do no damage. You hit the goblin.
You kill the goblin!
The goblin closely misses you.
You closely miss the goblin. The goblin hits you but does no damage.
Robin roars a battlecry!
The goblins go into a battle-frenzy!
A goblin comes into view. It is wielding a +0 dagger.
The goblin shouts!
You slash the goblin!
You kill the goblin!
Robin throws the goblin at you! You block the goblin's attack.
The jelly hits you.
You are splashed with acid!
You have reached level 4!
You feel stronger.
You hit the jelly but do no damage.
Your hands burn!
You kick the jelly.
The jelly is moderately wounded.
You closely miss the goblin. The goblin completely misses you.
Robin hits you from afar with a +0 spear.
The jelly hits you.
You are splashed with acid!
You die...

.....+.###
.....#.#..
.....#.#.###
....g......
.......#..
.....g...#
......)J.#
......)@g#
....##.#.# .
#.#<# #.###
#. .# . #


You could see a jelly, Robin and 2 goblins.

Vanquished Creatures
  A worm (D:2)
  2 dart slugs (D:1)
  6 endoplasms
  A giant cockroach (D:3)
  8 goblins
  8 hobgoblins
  A quokka (D:1)
  5 ball pythons (D:2)
  3 bats
  2 frilled lizards
  5 kobolds
  4 rats
46 creatures vanquished.

Vanquished Creatures (others)
  A fungus (D:1)
1 creature vanquished.

Grand Total: 47 creatures vanquished

Notes
Turn   | Place    | Note
-------+----------+-------------------------------------------
     0 | D:1      | qw the Gargoyle Fighter began the quest for the Orb.
     0 | D:1      | Reached XP level 1. HP: 14/14 MP: 1/1
     0 | D:1      | 0 ||| qw: Version: 0.2-a-13-gfc7b4b4
     0 | D:1      | 0 ||| qw: Game counter: 1674
     0 | D:1      | 0 ||| qw: Always use a shield: true
     0 | D:1      | 0 ||| qw: God list: Okawaru
     0 | D:1      | 0 ||| qw: Allow faded altars: false
     0 | D:1      | 0 ||| qw: Do Orc after D:15 true
     0 | D:1      | 0 ||| qw: Do second Lair branch before Depths: true
     0 | D:1      | 0 ||| qw: Lair rune preference: random
     0 | D:1      | 0 ||| qw: Plans: Normal, Zot:1-4, God:TSO, Crypt, Tomb,
                  | Pan, Slime:5, Hells, Abyss, Orb
     0 | D:1      | 0 ||| PLANNING D:1-11
   127 | D:1      | Reached XP level 2. HP: 15/19 MP: 2/2
   410 | D:1      | 410 ||| Stepping ~*~*~tactically~*~*~ (stealth).
   785 | D:1      | Found a faded altar of an unknown god.
   836 | D:1      | Reached skill level 3 in Axes
   970 | D:1      | Reached XP level 3. HP: 23/23 MP: 3/3
  1021 | D:1      | 1021 ||| UPGRADING to +0 pair of gloves.
  1026 | D:1      | 1026 ||| UPGRADING to +0 helmet.
  1031 | D:1      | 1031 ||| READING 2 scrolls labelled TALIOS KATOAWN.
  1032 | D:1      | 1032 ||| READING scroll labelled YDUL MUCEAM.
  1757 | D:2      | 1757 ||| DROPPING +0 club.
  1924 | D:2      | 1924 ||| UPGRADING to +6 ring of strength.
  1925 | D:2      | 1925 ||| READING scroll labelled OGIKKI NEUHO.
  1926 | D:2      | 1926 ||| READING scroll labelled ROCVATIVOF.
  1927 | D:2      | 1927 ||| DRINKING 2 amethyst potions.
  1927 | D:2      | Gained mutation: You possess an exceptional clarity of
                  | mind. [potion of mutation]
  1927 | D:2      | Gained mutation: You have large cloven feet. [potion of
                  | mutation]
  1927 | D:2      | Gained mutation: You are somewhat resistant to further
                  | mutation. [potion of mutation]
  1928 | D:2      | 1928 ||| READING 6 scrolls of identify.
  1928 | D:2      | 1928 ||| IDENTIFYING glowing dark potion
  1929 | D:2      | 1929 ||| READING 5 scrolls of identify.
  1929 | D:2      | 1929 ||| IDENTIFYING bubbling golden potion
  1930 | D:2      | 1930 ||| READING 4 scrolls of identify.
  1930 | D:2      | 1930 ||| IDENTIFYING bubbling dark potion
  1931 | D:2      | 1931 ||| READING 3 scrolls of identify.
  1931 | D:2      | 1931 ||| IDENTIFYING ruby potion
  1932 | D:2      | 1932 ||| DROPPING potion of brilliance.
  1981 | D:3      | Noticed Robin
  1993 | D:3      | Reached XP level 4. HP: 16/28 MP: 4/4
  1993 | D:3      | HP: 6/28 [jelly (2)]
  1993 | D:3      | Splashed by a jelly's acid

Levels and vault maps discovered:
D:1:      dpeg_arrival_subterranean_lakeside_camping, layout_basic,
          shapermc_ecumenical_altar_ellora
D:2:      layout_basic
D:3:      layout_basic, mainiacjoe_overflow_alcove_1, uniq_robin

Skill      XL: |  1  2 |
---------------+-------+-----
Axes           | 2 3 |  3.8
Fighting       | |  3.2
Armour         | |  3.2
Shields        | |  3.2

Action                   |  1- 3 |  4- 6 || total
-------------------------+-------+-------++-------
Melee: War axe           |   107 |     1 ||   108
       Kick              |     4 |     1 ||     5
  Use: Scroll            |     8 |       ||     8
       Potion            |     1 |       ||     1
Armor: Scale mail        |    63 |       ||    63
Dodge: Dodged            |    36 |     1 ||    37
Block: Buckler           |    15 |       ||    15

Table legend:
 A = Non-vault XP
 B = Vault XP
 C = Vault XP percentage of total XP
 D = Non-vault monster count
 E = Vault monster count
 F = Vault count percentage of total count
                 A         B        C        D         E       F
            +---------+---------+-------+---------+---------+-------
      Total |      59 |      24 |  28.9 |      32 |      14 |  30.4
            +---------+---------+-------+---------+---------+-------
        D:1 |      27 |       8 |  22.9 |      13 |       6 |  31.6
        D:2 |      26 |       0 |   0.0 |      16 |       0 |   0.0
        D:3 |       6 |      16 |  72.7 |       3 |       8 |  72.7
            +---------+---------+-------+---------+---------+-------
